 Dungeon Crawl Stone Soup version 0.20.0-8-g6b59dc7 (webtiles) character file.

35 Kosschaser the Sneak (level 3, 0/24 HPs)
             Began as a Vine Stalker Enchanter on May 30, 2017.
             Succumbed to an adder's poison
             ... on level 2 of the Dungeon.
             The game lasted 00:04:14 (1140 turns).

Kosschaser the Sneak (Vine Stalker Enchanter)       Turns: 1140, Time: 00:04:15

Health: 0/24       AC: 21    Str: 10    XL:     3   Next: 35%
Magic:  2/7        EV:  2    Int: 15    God:
Gold:   18         SH:  0    Dex: 15    Spells: 2/6 levels left

rFire    . . .     SeeInvis .   a - +1 dagger
rCold    . . .     Gourm    .   (no shield)
rNeg     + + +     Faith    .   (armour currently unavailable)
rPois    +         Spirit   +   (helmet currently unavailable)
rElec    .         Reflect  .   (cloak currently unavailable)
rCorr    .         Harm     .   (gloves currently unavailable)
MR       .....     NoTele   +   (boots currently unavailable)
Stlth    +++.......             (no amulet)
Regen    0.1/turn               f - ring of ice
MPRegen  0.1/turn               o - ring of fire

@: lethally poisoned (0 -> -7), tree-form
A: magic shield, no potion heal 3, rot immunity
a: no special abilities


You were on level 2 of the Dungeon.
You were hungry.
You were a tree.
You visited 1 branch of the dungeon, and saw 2 of its levels.

You collected 18 gold pieces.

Inventory:

Hand Weapons
 a - a +1 dagger (weapon)
Armour
 b - a +0 robe (melded)
 k - a +0 cloak (melded)
Jewellery
 f - a ring of ice (left branch)
 o - a ring of fire (right branch)
Scrolls
 e - a scroll of amnesia {unknown}
 g - a scroll of enchant weapon
 m - a scroll of identify
Potions
 j - a potion of degeneration {unknown}
 n - a potion of flight {unknown}
 p - a potion of mutation {unknown}
Books
 c - a book of Maledictions

   Spells                             Type                      Level
   a - Corona                         Hexes                        1
   b - Ensorcelled Hibernation        Hexes/Ice                    2
   c - Confuse                        Hexes                        3
   d - Tukima's Dance                 Hexes                        3
   e - Dazzling Spray                 Conjuration/Hexes            3
Comestibles
 d - 2 bread rations


   Skills:
 + Level 0.1 Fighting
 + Level 1.0 Short Blades
 + Level 1.9 Dodging
 * Level 4.4 Stealth
 + Level 2.2 Spellcasting
 + Level 3.4 Hexes


You had 2 spell levels left.
You knew the following spells:

 Your Spells              Type           Power        Failure   Level  Hunger
a - Corona                Hex            ##.....      5%          1    #......
b - Confuse               Hex            ##......     16%         3    ###....


Dungeon Overview and Level Annotations

Branches:
Dungeon (2/15)

Altars:


Innate Abilities, Weirdness & Mutations

((You have extremely sharp teeth.))
When hurt, damage is shared between your health and your magic reserves.
((Your bite disrupts and absorbs the magic of your enemies.))
Potions cannot restore your health.
You are immune to rotting.


Message History

You miss the adder.
The adder is lightly wounded.
You feel sick. The adder bites you.
* * * LOW HITPOINT WARNING * * *
You are more poisoned.
The adder poisons you!
You hit the adder. You bite the adder, but do no damage.
The adder is moderately wounded.
The adder bites you but does no damage.
Okay, then.
As you read the scroll of fear, it crumbles to dust.
You assume a fearsome visage.
The adder looks frightened!
* * * LOW HITPOINT WARNING * * *
You feel sick.
* * * LOW HITPOINT WARNING * * *
You feel sick.
It was a potion of lignification.
You turn into a tree.
Your +0 cloak melds into your body.
Your +0 robe melds into your body.
Your roots penetrate the ground.
You die...

#.#.# ###### #.#.#
#....# #.#.# #....#
#.#.# #....#
#.#.##### #....#
#.#....<# ###....#
#.#######
#......##########.#
#..S)....♣........#
#.....#############
####.## #.# #.# #.#
#.# #.# #.#


You could see an adder (fleeing).

Vanquished Creatures
  3 dart slugs (D:1)
  4 giant cockroaches
  2 goblins (D:1)
  3 hobgoblins (D:1)
  4 kobolds (D:1)
  4 bats (D:1)
  3 frilled lizards
  6 rats
29 creatures vanquished.

Notes
Turn   | Place    | Note
-------+----------+-------------------------------------------
     0 | D:1      | Kosschaser the Vine Stalker Enchanter began the quest for the Orb.
     0 | D:1      | Reached XP level 1. HP: 9/9 MP: 4/4
    81 | D:1      | Reached XP level 2. HP: 9/13 MP: 3/6
   315 | D:1      | Reached skill level 4 in Stealth
   352 | D:1      | Reached skill level 1 in Short Blades
   558 | D:1      | Reached XP level 3. HP: 16/16 MP: 7/7
   748 | D:1      | Learned a level 3 spell: Confuse
  1140 | D:2      | Succumbed to an adder's poison

Skill      XL: |  1  2 |
---------------+-------+-----
Stealth        | 4 |  4.4
Short Blades   | 1 |  1.0
Fighting       | |  0.1
Dodging        | |  1.9
Spellcasting   | |  2.2
Hexes          | |  3.4

Action                   || total
-------------------------++-------
Melee: Dagger            ||   106
       Bite              ||    24
 Cast: Confuse           ||     6
  Use: Scroll            ||     8
       Potion            ||     1
 Stab: Sleeping          ||     6
  Eat: Chunk             ||     1
Armor: Robe              ||    19
Dodge: Dodged            ||    70
